 Dungeon Crawl Stone Soup version 0.19.5 (webtiles) character file.

559 Rrauwl the Cudgeler (level 7, 0/52 HPs)
             Began as a Formicid Abyssal Knight on Mar 13, 2017.
             Was a Believer of Lugonu.
             Slain by a gnoll
             ... wielding a +0 halberd
              (3 damage)
             ... on level 3 of the Dungeon.
             The game lasted 00:12:06 (2261 turns).

Rrauwl the Cudgeler (Formicid Abyssal Knight)       Turns: 2261, Time: 00:12:07

Health: 0/52       AC:  8    Str: 23    XL:     7   Next: 57%
Magic:  8/8        EV: 10    Int: 12    God:    Lugonu [**....]
Gold:   161        SH:  0    Dex: 14    Spells: 0 memorised, 6 levels left

rFire  . . .     SeeInvis +     d - +6 whip "Kuppuaxi" {flame, -Tele rC+ Str+5}
rCold  + . .     Gourm    .     g - +0 scale mail
rNeg   . . .     Faith    .     (no shield)
rPois  .         Spirit   .     (helmet unavailable)
rElec  .         Reflect  .     a - +0 cloak
rCorr  .         Harm     .     e - +0 pair of gloves
MR     .....                    (no boots)
Stlth  ..........               (no amulet)
                                (no ring)
                                f - +4 ring of dexterity

@: no status effects
A: permanent stasis, dig shafts and tunnels, four strong arms, antennae 3
a: Dig, Shaft Self, Depart the Abyss, Bend Space, Renounce Religion


You were on level 3 of the Dungeon.
You worshipped Lugonu.
Lugonu was pleased with you.
You were hungry.

You visited 1 branch of the dungeon, and saw 3 of its levels.
You visited the Abyss 1 time.

You collected 161 gold pieces.

Inventory:

Hand Weapons
 d - the +6 whip "Kuppuaxi" (weapon) {flame, -Tele rC+ Str+5}
   (You found it on level 2 of the Abyss)

   It has been specially enchanted to burn those struck by it, causing extra
   injury to most foes and up to half again as much damage against particularly
   susceptible opponents.
   It affects your strength (+5).
   It protects you from cold.
   It prevents most forms of teleportation.
Armour
 a - a +0 cloak (worn)
 e - a +0 pair of gloves (worn)
 g - a +0 scale mail (worn)
Jewellery
 f - a +4 ring of dexterity (left hand)
 i - a cursed -2 ring of dexterity
Wands
 b - a wand of teleportation (8/9)
 j - a wand of paralysis (10/24)
Scrolls
 m - a scroll of fear
 n - a scroll of immolation {unknown}
 o - 3 scrolls of identify
 r - a scroll of magic mapping {unknown}
Potions
 p - a potion of ambrosia
Comestibles
 c - 3 bread rations
 h - 7 chunks of flesh
 k - 4 fruits
 l - a meat ration


   Skills:
 - Level 3.2 Fighting
   Level 2.0 Long Blades
 * Level 7.4 Maces & Flails
 - Level 2.1 Armour
 - Level 1.0 Dodging
 - Level 2.1 Invocations


You had 6 spell levels left.
You didn't know any spells.

Dungeon Overview and Level Annotations

Branches:
Dungeon (3/15)

Altars:
Ru


Innate Abilities, Weirdness & Mutations

You are under a permanent stasis effect.
You can dig through walls and to a lower floor.
Your four strong arms can wield two-handed weapons with a shield.
You have a pair of large antennae on your head. (SInv)


Message History

The gnoll is moderately wounded.
The gnoll misses you.
You barely miss the gnoll.
The gnoll is moderately wounded.
The gnoll hits you from afar with a halberd.
* * * LOW HITPOINT WARNING * * *
You hit the gnoll but do no damage.
The gnoll is moderately wounded.
The gnoll hits you but does no damage.
The gnoll hits you from afar with a halberd.
* * * LOW HITPOINT WARNING * * *
You whack the gnoll! You burn the gnoll.
You kill the gnoll!
Lugonu accepts your kill. The gnoll hits you with a halberd.
* * * LOW HITPOINT WARNING * * *
Items here: ))) †† a club; a flail; a whip; a gnoll corpse x2
You barely miss the gnoll. The gnoll hits you with a halberd.
You die...

...........# . { ..###.#...####
#.## ...#......# #..#
########.....#############.####
#..............................
#....≈≈≈≈≈≈≈≈≈≈≈≈≈≈≈≈≈≈≈....≈≈≈
#....≈≈≈≈≈≈≈≈≈≈≈≈≈≈≈≈≈≈≈....≈≈≈
#....≈≈#####†)≈≈≈≈≈≈≈≈≈≈.÷).≈≈≈
#....≈≈#gg.#..@g...............
#....≈≈#...#############g'''###
#...P≈≈###+# #.)..# #....≈≈≈.#
{#....# #....≈≈≈.# {{#{...#
#....≈≈≈.# #.g..# #....≈≈≈.#
#g...# #....≈≈≈.# {g....'
#....≈≈≈.# .'....'.


You could see a gnoll.

Vanquished Creatures
  Grinder (D:3)
  A gnoll sergeant (D:3)
  2 gnoll shamans (D:3)
  2 adders (D:2)
  14 gnolls
  An ooze (D:1)
  4 worms
  A dart slug (D:1)
  A leopard gecko (D:2)
  An orc (D:3)
  3 giant cockroaches (D:2)
  8 goblins
  8 hobgoblins
  18 jackals
  A kobold (D:1)
  A quokka (D:2)
  3 bats
  3 frilled lizards
  A leopard gecko zombie (D:3)
  4 rats
  2 plants
80 creatures vanquished.

Vanquished Creatures (others)
  A rat (D:2)
1 creature vanquished.

Grand Total: 81 creatures vanquished

Notes
Turn   | Place    | Note
-------+----------+-------------------------------------------
     0 | Abyss:1  | Rrauwl the Formicid Abyssal Knight began the quest for the Orb.
     0 | Abyss:1  | Reached XP level 1. HP: 18/18 MP: 2/2
    54 | Abyss:2  | Got a warped whip
    55 | Abyss:2  | Identified the +6 whip "Kuppuaxi" {flame, -Tele rC+ Str+5} (You found it on level 2 of the Abyss)
    69 | Abyss:2  | Noticed a green death
    70 | D:1      | Escaped the Abyss
   102 | D:1      | Reached skill level 1 in Maces & Flails
   249 | D:1      | Reached XP level 2. HP: 23/24 MP: 3/3
   276 | D:1      | Reached skill level 1 in Dodging
   353 | D:1      | Reached skill level 2 in Maces & Flails
   353 | D:1      | Reached XP level 3. HP: 21/29 MP: 4/4
   550 | D:1      | Reached * piety under Lugonu
   704 | D:1      | Reached skill level 3 in Maces & Flails
   854 | D:2      | Reached XP level 4. HP: 32/35 MP: 5/5
  1145 | D:2      | Reached skill level 4 in Maces & Flails
  1148 | D:2      | Reached XP level 5. HP: 38/41 MP: 6/6
  1209 | D:2      | Found a sacrificial altar of Ru.
  1626 | D:2      | Reached ** piety under Lugonu
  1782 | D:3      | Noticed Grinder
  1800 | D:3      | Killed Grinder
  1800 | D:3      | Reached skill level 6 in Maces & Flails
  1800 | D:3      | Reached XP level 6. HP: 26/47 MP: 7/7
  2070 | D:3      | Reached XP level 7. HP: 43/52 MP: 8/8
  2234 | D:3      | Reached skill level 7 in Maces & Flails
  2261 | D:3      | Slain by a gnoll

Skill      XL: |  1  2  3  4  5  6  7 |
---------------+----------------------+-----
Maces & Flails | 1 2 3 4 6 7 |  7.4
Dodging        | 1 |  1.0
Fighting       | |  3.2
Long Blades    | |  2.0
Armour         | |  2.1
Invocations    | |  2.1

Action                   |  1- 3 |  4- 6 |  7- 9 || total
-------------------------+-------+-------+-------++-------
Melee: Whip              |    43 |   137 |    53 ||   233
Invok: Depart the Abyss  |     1 |       |       ||     1
  Use: Scroll            |     1 |     2 |       ||     3
       Potion            |     1 |     4 |     1 ||     6
  Eat: Chunk             |       |     4 |       ||     4
Armor: Scale mail        |    12 |    29 |    14 ||    55
Dodge: Dodged            |    12 |    23 |    30 ||    65
